General information
- name: BNet
- type: Ladder team game (AT/RT)
- host: Battle.net
- saver: NerotendoLXIV
map: Highperch
- players: 6
- length: 76:58
- speed: Fast
- version: 1.26 W3XP
- replay type:

» download(558 KB)
Players
team 1 (winner)
Birdeneering (
yellow | 108 APM | 8317 actions | 76:57)
5 Paladin
3 Holy Light
2 Divine Shield
5 Mountain King
3 Storm Bolt
2 Bash
4 Blood Mage
2 Banish
2 Flame Strike
» actions
| Assign group hotkey | 481 | |
| Basic commands | 75 | |
| Build / train | 160 | |
| Enter build submenu | 119 | |
| Enter hero's abilities submenu | 16 | |
| Give item / drop item | 4 | |
| Right click | 4106 | |
| Select / deselect | 682 | |
| Select group hotkey | 2296 | |
| Use ability | 376 | |
8317 total
» units
| Peasant | 24 | |
| Sorceress | 1 | |
| Priest | 2 | |
| Dragonhawk Rider | 18 | |
45 total
» upgrades
| Masonry | 3 | |
| Lumber Harvesting | 2 | |
| Magic Sentry | 1 | |
| Sorceress Training | 2 | |
| Priest Training | 2 | |
| Swords | 3 | |
| Armor | 3 | |
| Animal War Training | 1 | |
| Cloud | 1 | |
18 total
» buildings
| Altar of Kings | 1 | |
| Lumber Mill | 3 | |
| Farm | 11 | |
| Scout Tower | 101 | |
| Arcane Tower | 11 | |
| Guard Tower | 45 | |
| Arcane Vault | 2 | |
| Keep | 1 | |
| Town Hall | 1 | |
| Castle | 1 | |
| Arcane Sanctum | 1 | |
| Gryphon Aviary | 1 | |
| Barracks | 1 | |
| Blacksmith | 1 | |
181 total
» build order
00:04 Altar of Kings
00:18 Lumber Mill
00:33 Farm
00:47 Farm
01:16 Scout Tower
01:37 Farm
01:51 Arcane Tower
01:52 Scout Tower
02:04 Scout Tower
02:05 Scout Tower
02:17 Scout Tower
02:20 Scout Tower
02:33 Arcane Tower
02:45 Guard Tower
02:45 Guard Tower
02:51 Scout Tower
03:01 Scout Tower
03:05 Guard Tower
03:20 Scout Tower
03:21 Guard Tower
03:23 Guard Tower
03:28 Guard Tower
03:30 Scout Tower
03:31 Arcane Vault
03:33 Arcane Tower
03:44 Scout Tower
03:45 Arcane Vault
03:56 Scout Tower
03:57 Guard Tower
04:21 Farm
05:05 Scout Tower
05:06 Guard Tower
05:15 Scout Tower
05:16 Guard Tower
05:26 Scout Tower
05:27 Keep
05:37 Scout Tower
05:39 Scout Tower
05:52 Guard Tower
05:56 Guard Tower
05:58 Scout Tower
06:01 Scout Tower
06:02 Scout Tower
06:15 Scout Tower
06:16 Scout Tower
07:05 Town Hall
07:10 Guard Tower
07:11 Scout Tower
07:12 Scout Tower
07:33 Scout Tower
07:38 Scout Tower
07:39 Guard Tower
07:41 Scout Tower
07:41 Scout Tower
07:45 Arcane Tower
07:57 Arcane Tower
08:02 Castle
08:16 Scout Tower
08:25 Arcane Sanctum
08:51 Farm
09:03 Guard Tower
09:05 Scout Tower
09:06 Scout Tower
09:11 Arcane Tower
09:24 Guard Tower
09:25 Scout Tower
09:40 Guard Tower
09:53 Guard Tower
09:54 Scout Tower
09:56 Scout Tower
10:09 Guard Tower
10:11 Scout Tower
10:12 Scout Tower
10:12 Scout Tower
10:45 Guard Tower
11:01 Guard Tower
11:03 Scout Tower
11:04 Scout Tower
11:07 Scout Tower
11:08 Scout Tower
11:55 Guard Tower
11:58 Scout Tower
11:59 Scout Tower
12:01 Scout Tower
12:02 Scout Tower
12:07 Guard Tower
12:40 Gryphon Aviary
12:42 Barracks
12:43 Blacksmith
13:02 Guard Tower
13:06 Scout Tower
13:07 Scout Tower
14:35 Guard Tower
14:56 Scout Tower
14:56 Scout Tower
15:48 Guard Tower
15:59 Guard Tower
30:48 Farm
30:49 Farm
30:50 Farm
30:50 Farm
30:51 Farm
30:51 Farm
34:05 Scout Tower
34:06 Scout Tower
34:13 Scout Tower
34:14 Scout Tower
34:15 Scout Tower
35:01 Guard Tower
35:02 Guard Tower
35:06 Scout Tower
35:10 Scout Tower
35:40 Guard Tower
35:52 Scout Tower
35:56 Scout Tower
36:00 Scout Tower
36:00 Scout Tower
36:01 Scout Tower
36:32 Guard Tower
36:38 Scout Tower
36:40 Scout Tower
36:40 Scout Tower
36:41 Scout Tower
36:46 Scout Tower
37:07 Guard Tower
37:14 Scout Tower
37:41 Guard Tower
37:46 Guard Tower
37:48 Scout Tower
37:54 Scout Tower
37:57 Guard Tower
38:00 Scout Tower
38:37 Guard Tower
38:40 Scout Tower
38:41 Scout Tower
38:42 Scout Tower
38:43 Scout Tower
38:44 Scout Tower
38:45 Scout Tower
39:04 Arcane Tower
39:14 Arcane Tower
39:35 Scout Tower
39:36 Scout Tower
39:37 Scout Tower
39:40 Scout Tower
39:42 Scout Tower
39:43 Scout Tower
39:45 Scout Tower
39:48 Guard Tower
39:49 Arcane Tower
39:51 Scout Tower
39:57 Scout Tower
40:03 Scout Tower
40:07 Guard Tower
40:35 Arcane Tower
43:03 Lumber Mill
43:08 Scout Tower
43:09 Scout Tower
45:03 Lumber Mill
45:07 Scout Tower
45:17 Scout Tower
45:24 Scout Tower
45:29 Scout Tower
45:41 Scout Tower
45:43 Scout Tower
45:43 Scout Tower
45:45 Scout Tower
46:33 Arcane Tower
46:35 Guard Tower
46:39 Guard Tower
46:44 Scout Tower
47:20 Scout Tower
47:25 Guard Tower
47:27 Scout Tower
47:51 Guard Tower
48:17 Scout Tower
48:22 Scout Tower
48:24 Guard Tower
48:50 Guard Tower
48:51 Guard Tower
» items
| Healing Salve | 1 | |
| Orb of Lightning | 3 | |
| Staff of Sanctuary | 3 | |
| Boots of Speed | 2 | |
| Staff of Teleportation | 3 | |
| Scroll of Town Portal | 2 | |
| Scroll of Regeneration | 1 | |
15 total
GaivsXboxivs360 (
green | 73 APM | 5592 actions | 76:57)
7 Blademaster
3 Wind Walk
3 Critical Strike
1 Bladestorm
» actions
| Assign group hotkey | 32 | |
| Basic commands | 62 | |
| Build / train | 95 | |
| ESC pressed | 9 | |
| Enter build submenu | 57 | |
| Enter hero's abilities submenu | 7 | |
| Give item / drop item | 8 | |
| Right click | 3697 | |
| Select / deselect | 435 | |
| Select group hotkey | 837 | |
| Use ability | 352 | |
5592 total
» units
| Peon | 14 | |
| Troll Batrider | 20 | |
| Shaman | 2 | |
| Troll Witch Doctor | 2 | |
| Spirit Walker | 2 | |
| Raider | 3 | |
| Kodo Beast | 1 | |
| Wind Rider | 6 | |
50 total
» upgrades
| Spiked Barricades | 1 | |
| Reinforced Defenses | 1 | |
| Liquid Fire | 1 | |
| Ranged Weapons | 3 | |
| Envenomed Spears | 1 | |
| Ensnare | 1 | |
| War Drums Damage Increase | 1 | |
| Armor | 3 | |
| Shaman Training | 2 | |
| Witch Doctor Training | 3 | |
| Spirit Walker Training | 3 | |
20 total
» buildings
| Altar of Storms | 1 | |
| War Mill | 1 | |
| Orc Burrow | 10 | |
| Watch Tower | 36 | |
| Stronghold | 2 | |
| Voodoo Lounge | 2 | |
| Fortress | 1 | |
| Beastiary | 2 | |
| Spirit Lodge | 1 | |
56 total
» build order
00:06 Altar of Storms
00:11 War Mill
00:20 Orc Burrow
01:54 Watch Tower
01:58 Watch Tower
02:01 Watch Tower
02:12 Watch Tower
02:50 Stronghold
02:50 Stronghold
03:05 Watch Tower
03:25 Watch Tower
03:33 Watch Tower
04:14 Watch Tower
04:27 Voodoo Lounge
04:30 Voodoo Lounge
05:31 Watch Tower
05:50 Watch Tower
06:05 Watch Tower
06:23 Watch Tower
06:27 Fortress
06:30 Beastiary
06:31 Beastiary
07:02 Watch Tower
07:18 Watch Tower
07:22 Orc Burrow
07:23 Orc Burrow
07:42 Watch Tower
08:30 Watch Tower
08:32 Watch Tower
08:49 Watch Tower
09:39 Watch Tower
09:41 Watch Tower
10:41 Watch Tower
11:21 Watch Tower
11:25 Watch Tower
11:39 Watch Tower
11:42 Watch Tower
11:44 Watch Tower
11:56 Watch Tower
12:29 Watch Tower
12:29 Watch Tower
12:39 Watch Tower
13:03 Watch Tower
13:43 Orc Burrow
14:50 Watch Tower
14:51 Watch Tower
16:25 Spirit Lodge
17:17 Watch Tower
18:25 Watch Tower
19:35 Watch Tower
30:27 Orc Burrow
30:27 Orc Burrow
30:28 Orc Burrow
30:29 Orc Burrow
30:33 Orc Burrow
39:37 Orc Burrow
» items
| Staff of Teleportation | 1 | |
| Boots of Speed | 1 | |
| Lesser Clarity Potion | 4 | |
| Healing Salve | 4 | |
| Orb of Lightning | 1 | |
11 total
NerotendoLXIV (
orange | 100 APM | 7674 actions | 76:58)
6 Warden
3 Shadow Strike
3 Blink
» actions
| Assign group hotkey | 23 | |
| Basic commands | 7 | |
| Build / train | 104 | |
| Enter build submenu | 25 | |
| Enter hero's abilities submenu | 7 | |
| Give item / drop item | 5 | |
| Remove unit from queue | 17 | |
| Right click | 5692 | |
| Select / deselect | 459 | |
| Select group hotkey | 979 | |
| Use ability | 352 | |
7674 total
» units
| Wisp | 21 | |
| Hippogryph | 19 | |
| Dryad | -3 | |
37 total
» upgrades
| Ultravision | 1 | |
| Strength of the Wild | 3 | |
| Nature's Blessing | 1 | |
| Reinforced Hides | 3 | |
| Well Spring | 1 | |
| Abolish Magic | 1 | |
10 total
» buildings
| Altar of Elders | 1 | |
| Moon Well | 11 | |
| Tree of Life | 1 | |
| Tree of Ages | 1 | |
| Hunter's Hall | 1 | |
| Tree of Eternity | 1 | |
| Ancient of Wind | 2 | |
| Ancient of Wonders | 1 | |
| Ancient of Lore | 1 | |
20 total
» build order
00:29 Altar of Elders
00:33 Moon Well
02:55 Moon Well
04:37 Moon Well
04:38 Moon Well
04:42 Moon Well
05:45 Tree of Life
06:20 Tree of Ages
06:53 Hunter's Hall
10:25 Tree of Eternity
11:11 Ancient of Wind
11:24 Ancient of Wind
11:28 Ancient of Wonders
16:18 Moon Well
16:20 Moon Well
16:20 Moon Well
16:36 Moon Well
17:25 Moon Well
18:49 Moon Well
35:11 Ancient of Lore
» items
| Healing Salve | 2 | |
| Lesser Clarity Potion | 5 | |
| Boots of Speed | 2 | |
| Staff of Teleportation | 1 | |
| Orb of Venom | 1 | |
| Tiny Great Hall | 1 | |
| Mechanical Critter | 7 | |
19 total
team 2 (loser)
fArubin (
purple | 91 APM | 6645 actions | 72:54)
4 Death Knight
2 Death Coil
2 Unholy Aura
3 Lich
2 Frost Nova
1 Frost Armor
2 Dreadlord
1 Sleep
1 Vampiric Aura
» actions
| Assign group hotkey | 73 | |
| Basic commands | 43 | |
| Build / train | 64 | |
| ESC pressed | 2 | |
| Enter build submenu | 23 | |
| Enter hero's abilities submenu | 9 | |
| Give item / drop item | 11 | |
| Right click | 4299 | |
| Select / deselect | 815 | |
| Select group hotkey | 1075 | |
| Use ability | 231 | |
6645 total
» units
| Acolyte | 4 | |
| Ghoul | 2 | |
| Crypt Fiend | 12 | |
| Obsidian Statue | 4 | |
| Frost Wyrm | 1 | |
23 total
» upgrades
| Burrow | 1 | |
| Web | 1 | |
| Creature Attack | 3 | |
| Destroyer Form | 1 | |
| Creature Carapace | 2 | |
8 total
» buildings
| Crypt | 5 | |
| Graveyard | 1 | |
| Altar of Darkness | 1 | |
| Ziggurat | 9 | |
| Tomb of Relics | 1 | |
| Nerubian Tower | 1 | |
| Halls of the Dead | 4 | |
| Slaughterhouse | 2 | |
| Black Citadel | 1 | |
| Sacrificial Pit | 1 | |
| Spirit Tower | 3 | |
| Boneyard | 2 | |
31 total
» build order
00:05 Crypt
00:07 Crypt
00:19 Graveyard
00:42 Altar of Darkness
00:57 Ziggurat
01:18 Tomb of Relics
02:02 Ziggurat
03:43 Nerubian Tower
04:26 Halls of the Dead
04:27 Halls of the Dead
04:27 Halls of the Dead
04:27 Halls of the Dead
05:40 Ziggurat
07:02 Slaughterhouse
07:44 Black Citadel
08:43 Slaughterhouse
09:32 Ziggurat
09:33 Ziggurat
10:37 Sacrificial Pit
13:23 Spirit Tower
16:26 Boneyard
16:28 Boneyard
19:41 Crypt
19:43 Crypt
19:44 Crypt
21:20 Ziggurat
21:21 Ziggurat
21:23 Ziggurat
21:25 Ziggurat
41:11 Spirit Tower
41:39 Spirit Tower
» items
| Rod of Necromancy | 2 | |
| Dust of Appearance | 2 | |
| Potion of Lesser Invulnerability | 1 | |
| Scroll of Healing | 1 | |
| Orb of Lightning | 1 | |
| Healing Salve | 1 | |
8 total
PierrotTheClown (
blue | 89 APM | 6872 actions | 76:56)
3 Tauren Chieftain
2 Endurance Aura
1 War Stomp
2 Dark Ranger
1 Silence
1 Life Drain
2 Naga Sea Witch
1 Frost Arrows
1 Forked Lightning
» actions
| Assign group hotkey | 72 | |
| Basic commands | 63 | |
| Build / train | 137 | |
| ESC pressed | 12 | |
| Enter build submenu | 43 | |
| Enter hero's abilities submenu | 10 | |
| Give item / drop item | 2 | |
| Remove unit from queue | 2 | |
| Right click | 3460 | |
| Select / deselect | 801 | |
| Select group hotkey | 2022 | |
| Use ability | 248 | |
6872 total
» units
| Peon | 16 | |
| Troll Headhunter/Berserker | 10 | |
| Troll Batrider | 34 | |
| Troll Witch Doctor | 5 | |
| Demolisher | 11 | |
| Shaman | 4 | |
| Tauren | 5 | |
85 total
» upgrades
| Shaman Training | 2 | |
| Burning Oil | 0 | |
| Spiked Barricades | 1 | |
| Liquid Fire | 1 | |
| Pulverize | 1 | |
| Armor | 1 | |
| Reinforced Defenses | 1 | |
| Witch Doctor Training | 2 | |
9 total
» buildings
| Altar of Storms | 1 | |
| Orc Burrow | 11 | |
| War Mill | 1 | |
| Barracks | 1 | |
| Voodoo Lounge | 3 | |
| Stronghold | 3 | |
| Watch Tower | 11 | |
| Beastiary | 1 | |
| Spirit Lodge | 1 | |
| Fortress | 3 | |
| Tauren Totem | 1 | |
37 total
» build order
00:04 Altar of Storms
00:24 Orc Burrow
00:38 War Mill
01:16 Barracks
01:43 Orc Burrow
02:17 Voodoo Lounge
03:40 Stronghold
03:43 Orc Burrow
05:28 Watch Tower
05:29 Watch Tower
05:30 Watch Tower
06:26 Beastiary
07:00 Watch Tower
07:01 Watch Tower
08:04 Spirit Lodge
08:43 Fortress
08:44 Fortress
09:05 Orc Burrow
09:42 Watch Tower
09:51 Watch Tower
10:55 Watch Tower
10:55 Watch Tower
12:33 Orc Burrow
13:18 Orc Burrow
14:39 Tauren Totem
15:20 Voodoo Lounge
16:51 Orc Burrow
20:01 Orc Burrow
24:03 Orc Burrow
28:03 Voodoo Lounge
49:41 Orc Burrow
49:43 Orc Burrow
75:04 Watch Tower
75:07 Watch Tower
» items
| Scroll of Speed | 3 | |
| Lesser Clarity Potion | 7 | |
| Healing Salve | 2 | |
| Dust of Appearance | 1 | |
| Orb of Lightning | 1 | |
| Potion of Healing | 1 | |
15 total
RnR.Smoke (
red | 56 APM | 4109 actions | 73:38)
4 Pit Lord
2 Rain of Fire
2 Cleaving Attack
» actions
| Assign group hotkey | 48 | |
| Basic commands | 7 | |
| Build / train | 81 | |
| ESC pressed | 4 | |
| Enter build submenu | 29 | |
| Enter hero's abilities submenu | 4 | |
| Give item / drop item | 6 | |
| Remove unit from queue | 17 | |
| Right click | 2052 | |
| Select / deselect | 419 | |
| Select group hotkey | 1360 | |
| Use ability | 82 | |
4109 total
» units
| Wisp | 24 | |
| Huntress | 7 | |
| Chimaera | 12 | |
43 total
» upgrades
| Reinforced Hides | 3 | |
| Strength of the Wild | 3 | |
| Corrosive Breath | 1 | |
| Well Spring | 1 | |
8 total
» buildings
| Altar of Elders | 1 | |
| Moon Well | 9 | |
| Ancient of War | 2 | |
| Hunter's Hall | 1 | |
| Ancient of Wonders | 1 | |
| Tree of Life | 3 | |
| Tree of Ages | 1 | |
| Ancient Protector | 4 | |
| Tree of Eternity | 3 | |
| Ancient of Wind | 1 | |
| Chimaera Roost | 3 | |
29 total
» build order
00:20 Altar of Elders
00:27 Moon Well
02:21 Ancient of War
02:27 Ancient of War
02:38 Hunter's Hall
02:45 Moon Well
02:58 Ancient of Wonders
04:21 Moon Well
05:49 Tree of Life
07:31 Tree of Life
07:41 Moon Well
07:43 Moon Well
07:56 Tree of Life
08:55 Tree of Ages
09:16 Ancient Protector
09:21 Ancient Protector
09:38 Ancient Protector
09:46 Ancient Protector
11:07 Moon Well
11:10 Moon Well
11:17 Tree of Eternity
11:17 Tree of Eternity
11:17 Tree of Eternity
11:20 Moon Well
11:29 Moon Well
12:16 Ancient of Wind
13:42 Chimaera Roost
13:45 Chimaera Roost
14:08 Chimaera Roost
» items
| Boots of Speed | 1 | |
| Orb of Corruption | 1 | |
| Orb of Lightning | 1 | |
| Orb of Venom | 1 | |
4 total
Chat log
(07:02 / All) RnR.Smoke: ))))))
(07:06 / All) NerotendoLXIV: i love russians
(07:23 / All) PierrotTheClown: y noob
(07:34 / All) NerotendoLXIV: they're all bad hackers
(07:36 / All) NerotendoLXIV: my fave
(07:50 / All) PierrotTheClown: y
(10:00 / All) NerotendoLXIV: lmao
(10:21 / All) NerotendoLXIV: lolol
(10:28 / All) NerotendoLXIV: the worst orc?
(10:45 / All) PierrotTheClown: yes
(13:54 / All) NerotendoLXIV: lol red
(19:38 / All) NerotendoLXIV: do you have a palsy?
(19:47 / All) Birdeneering: you here?
(19:48 / All) Birdeneering: wait
(19:49 / All) Birdeneering: U afk???
(19:51 / All) Birdeneering: guys?
(19:51 / All) Birdeneering: you here?
(19:54 / All) Birdeneering: Oh good
(19:55 / All) GaivsXboxivs360: fuckin afkers... ruin game.s....
(19:56 / All) Birdeneering: why not chat?
(20:16 / All) PierrotTheClown: drakonov sdelay
(24:28 / All) Birdeneering: thx free birddragon
(26:11 / All) NerotendoLXIV: YOUR STOMP
(26:11 / All) NerotendoLXIV: LOL
(34:20 / All) Birdeneering: fkn
(34:20 / All) Birdeneering: noobs
(34:37 / All) Birdeneering: hackers!!
(34:40 / All) Birdeneering: u mh!
(34:42 / All) PierrotTheClown: leave bitch
(34:43 / All) Birdeneering: Cheat alert!
(34:47 / All) NerotendoLXIV: IM OUT OF GOLD
(34:50 / All) PierrotTheClown: and fuck your mother
(36:52 / All) NerotendoLXIV: nice burrow
(36:53 / All) NerotendoLXIV: idiot
(40:29 / All) Birdeneering: fkn hack noobs
(40:31 / All) Birdeneering: u only win cause luck
(43:14 / All) fArubin: GG
(43:17 / All) GaivsXboxivs360: fuck u
(43:18 / All) Birdeneering: fkn noobs
(43:19 / All) Birdeneering: shut up
(43:22 / All) Birdeneering: u got lucky
(43:22 / All) GaivsXboxivs360: find my tree u faggit
(43:22 / All) fArubin: XDDD
(43:25 / All) NerotendoLXIV: Fuck Noobs
(43:27 / All) Birdeneering: we never leave
(43:28 / All) GaivsXboxivs360: hacker lucker sucker
(43:28 / All) fArubin: nice nice
(43:29 / All) Birdeneering: hid forever
(43:30 / All) Birdeneering: find it
(43:34 / All) GaivsXboxivs360: eat SHIT!!!!!
(43:47 / All) GaivsXboxivs360: FUCK U
(43:47 / All) NerotendoLXIV: goodbye darryl 1997-2012
(43:50 / All) GaivsXboxivs360: FUCK U
(43:51 / All) GaivsXboxivs360: FUCK U
(43:52 / All) NerotendoLXIV: clan towa #1
(43:53 / All) GaivsXboxivs360: FUCK UI
(43:53 / All) NerotendoLXIV: usa #1
(43:54 / All) GaivsXboxivs360: HACKER
(43:55 / All) GaivsXboxivs360: HACKER
(43:56 / All) GaivsXboxivs360: HJACKER
(43:56 / All) NerotendoLXIV: clan towa #1
(43:57 / All) GaivsXboxivs360: HACKER
(43:57 / All) Birdeneering: fu
(43:57 / All) NerotendoLXIV: usa #1
(43:58 / All) GaivsXboxivs360: F
(43:59 / All) GaivsXboxivs360: FUCKER
(43:59 / All) NerotendoLXIV: clan towa #1
(44:00 / All) GaivsXboxivs360: FUCK U
(44:02 / All) NerotendoLXIV: usa #1
(44:03 / All) GaivsXboxivs360: wtf...
(44:04 / All) NerotendoLXIV: clan towa #1
(44:06 / All) NerotendoLXIV: usa #1
(44:06 / All) GaivsXboxivs360: my last treE??
(44:08 / All) NerotendoLXIV: clan towa #1
(44:09 / All) NerotendoLXIV: usa #1
(44:11 / All) NerotendoLXIV: clan towa #1
(44:12 / All) NerotendoLXIV: usa #1
(44:14 / All) GaivsXboxivs360: my last tree die and i still not los e!!! AHAHAHA
(44:14 / All) NerotendoLXIV: clan towa #1
(44:16 / All) NerotendoLXIV: usa #1
(44:17 / All) NerotendoLXIV: clan towa #1
(44:20 / All) NerotendoLXIV: usa #1
(45:12 / All) GaivsXboxivs360: fuck u lucker, hacker, sucker, fucker,
(45:22 / All) GaivsXboxivs360: u never finde mee
(45:30 / All) GaivsXboxivs360: u finde me...
(45:37 / All) NerotendoLXIV: welcome to 6www.highper.ch
(46:31 / All) GaivsXboxivs360: fuck u siegie..
(46:33 / All) NerotendoLXIV: can u hit w/ siege???
(46:35 / All) NerotendoLXIV: NO
(46:37 / All) PierrotTheClown: zdania
(46:38 / All) NerotendoLXIV: my liege
(46:39 / All) GaivsXboxivs360: my liege...
(46:41 / All) PierrotTheClown: prodavay
(46:43 / All) PierrotTheClown: zdania
(46:45 / All) GaivsXboxivs360: hold on i brb
(46:45 / All) GaivsXboxivs360: wait 5 min? maybe 3
(46:46 / All) PierrotTheClown: ZDANIA
(46:47 / All) Birdeneering: brb wai
(46:48 / All) GaivsXboxivs360: come on
(46:49 / All) GaivsXboxivs360: dont be rude
(46:52 / All) GaivsXboxivs360: COME ON
(46:55 / All) GaivsXboxivs360: IM PAUSING NOW FOR REAL
(46:57 / All) GaivsXboxivs360: DOINT UNPAUSE
(48:40 / All) GaivsXboxivs360: i brb
(50:19 / All) Birdeneering: hey polack smack
(50:23 / All) NerotendoLXIV: lol~!
(50:25 / All) Birdeneering: why can't U kill us?
(50:25 / All) NerotendoLXIV: unsummon
(50:31 / All) Birdeneering: U broke?
(55:16 / All) NerotendoLXIV: http://highper.ch/
(55:24 / All) Birdeneering: why did you lose?
(57:28 / All) NerotendoLXIV: lol
(57:37 / All) NerotendoLXIV: LOL
(61:30 / All) NerotendoLXIV: goodnite bimaldo
(64:55 / All) Birdeneering: How come you couldn't win
(64:57 / All) Birdeneering: against tower??
(64:59 / All) Birdeneering: noob strat...
(68:12 / All) RnR.Smoke: nice mh noobs
(68:18 / All) NerotendoLXIV: lol!
(68:22 / All) RnR.Smoke: will be banned
(68:27 / All) RnR.Smoke: ahahahah noobs
(68:30 / All) NerotendoLXIV: LOL!
(68:35 / All) RnR.Smoke: yes
(68:40 / All) NerotendoLXIV: are you submitting a replay
(68:50 / All) PierrotTheClown: davay
(68:53 / All) NerotendoLXIV: red
(68:56 / All) NerotendoLXIV: listen
(68:57 / All) Birdeneering: sorry clan towa don't maphack... www.highper.ch 100% illegal and maphack free
(69:07 / All) RnR.Smoke: shut up
(69:09 / All) NerotendoLXIV: red
(69:13 / All) NerotendoLXIV: are you sending blizzard a replay
(69:14 / All) RnR.Smoke: noobs
(69:18 / All) RnR.Smoke: y
(69:20 / All) Birdeneering: employing real honest to god hard working americans
(69:25 / All) RnR.Smoke: wait
(69:39 / All) PierrotTheClown: yellow idiot stfu nerd
(69:41 / All) NerotendoLXIV: lol
(69:44 / All) Birdeneering: "no way, José" - law offices of Tyler, Bear & Kerr
(69:54 / All) PierrotTheClown: your mother is shit
(70:11 / All) PierrotTheClown: you is a piece of shit
(70:14 / All) NerotendoLXIV: lol
(70:16 / All) GaivsXboxivs360: worm shit....cuz shes dead 10 years...and worm ate her...then pooped her...
(70:16 / All) NerotendoLXIV: but we won
(70:23 / All) PierrotTheClown: you suck
(70:29 / All) Birdeneering: we won the game... with the tower
(70:32 / All) Birdeneering: very easy peasy
(70:32 / All) NerotendoLXIV: we suck, we win, you Super Suck
(70:42 / All) Birdeneering: suck to the MaX
(70:45 / All) Birdeneering: extreme
(71:05 / All) NerotendoLXIV: want me to quit?
(71:07 / All) NerotendoLXIV: i can quit if you want
(72:09 / All) Birdeneering: purple... noob?
(72:34 / All) RnR.Smoke: ))
(72:38 / All) Birdeneering: bad micro
(72:43 / All) Birdeneering: get off your tractor pavel
(73:04 / All) NerotendoLXIV: death knight dies....ud leaves
(73:08 / All) NerotendoLXIV: just like every game
(73:13 / All) GaivsXboxivs360: The Story Of Warcraft 3
(73:37 / All) RnR.Smoke: wait noobs
(76:00 / All) Birdeneering: towers
(76:05 / All) Birdeneering: are so easy to kill
(76:07 / All) Birdeneering: u agree?